AoeStats
← TIMVP

Arena

510434317Analyzed
2v2 RM · 1d ago on Oct 1, 2026· 57m 29s· 4 players
Game mode
Random Map
Map size
Medium (4 player)
Population
200
Speed
Normal
Resources
Standard
Victory
Conquest
Starting age
Dark Age
Ending age
Imperial Age
RankedLock teamsTeams togetherTeam positionsShared explorationLock speedFull tech treeHidden civsTurbo modeCheats
Victory
Defeat
🇵🇪 Bohemians · Peru
748
+16
🇵🇪 Huns · Peru
738
+16
🇨🇱 Maya · Chile
764
-40
🇨🇱 Magyars · Chile
733
-16
TIMVP
9:03 Loom
12:23 Feudal Age
12:49 Double-Bit Axe
20:17 Castle Age
20:20 Horse Collar
22:01 Heavy Plow
26:26 Pikeman
29:18 Squires
32:55 Imperial Age
31:16 Scale Mail Armor
33:02 Halberdier
34:24 Chain Mail Armor
38:59 Plate Mail Armor
40:22 Conscription
41:27 Bow Saw
42:37 Elite Skirmisher
44:51 Forging
45:11 Heavy Scorpion
46:58 Ballistics
46:46 Siege Engineers
47:32 Hussite Reforms
49:45 Ballistics
49:05 Elite Hussite Wagon
49:15 Elite Hussite Wagon
51:00 Redemption
50:51 Atonement
51:01 Fervor
51:07 Block Printing
51:18 Illumination
50:53 Devotion
50:49 Herbal Medicine
51:30 Theocracy
51:16 Sanctity
52:39 Wagenburg Tactics
55:15 Iron Casting
A†ilA
9:49 Feudal Age
12:12 Double-Bit Axe
17:46 Castle Age
17:36 Horse Collar
20:35 Heavy Plow
20:49 Bow Saw
22:52 Forging
28:16 Gold Mining
28:35 Fletching
28:49 Scale Mail Armor
35:10 Imperial Age
40:13 Conscription
41:38 Wheelbarrow
43:09 Elite Skirmisher
43:56 Thumb Ring
46:32 Marauders
48:14 Bodkin Arrow
48:19 Padded Archer Armor
49:50 Parthian Tactics
51:40 Elite Tarkan
54:37 Husbandry
54:50 Scale Barding Armor
55:19 Bloodlines
Don Genuino
9:52 Loom
11:41 Feudal Age
16:17 Castle Age
15:35 Double-Bit Axe
20:07 Bow Saw
29:02 Gold Mining
30:37 Ballistics
30:24 Fletching
31:06 Corvinian Army
31:17 Bodkin Arrow
35:32 Imperial Age
34:28 Gold Shaft Mining
36:51 Scale Barding Armor
36:52 Bracer
36:22 Elite Magyar Huszar
48:48 Heavy Cavalry Archer
49:32 Padded Archer Armor
50:00 Recurve Bow
50:33 Parthian Tactics
quiasa
1:18 Loom
4:05 Loom
9:21 Loom
12:05 Feudal Age
12:35 Double-Bit Axe
17:56 Castle Age
19:15 Gold Mining
19:45 Bow Saw
26:30 Horse Collar
27:28 Wheelbarrow
26:49 Stone Mining
27:35 Eagle Warrior
28:26 Squires
29:17 Forging
29:37 Heavy Plow
29:41 Fletching
30:44 Ballistics
30:45 Hand Cart
32:34 Bodkin Arrow
40:53 Imperial Age
41:31 Padded Archer Armor
42:04 Conscription
42:20 Town Watch
48:51 Elite Eagle Warrior
49:49 Bracer
50:04 Town Patrol
51:12 Chemistry
50:31 Leather Archer Armor
52:19 Elite Eagle Warrior
55:24 Ring Archer Armor
56:03 Stone Shaft Mining
Connection lost

Rejoining the realm…

Still unreachable

The connection could not be restored.

Session expired

The server has moved on; the page needs a fresh start.